 Dungeon Crawl Stone Soup version 0.31-b1-17-gcfd88c8481 (webtiles) character file.

Game seed: 13709234953623818791

55 hawla the Conjurer (level 3, -2/27 HPs)
             Began as a Draconian Conjurer on Jan 16, 2024.
             Slain by a ribbon worm (7 damage)
             ... on level 2 of the Dungeon.
             The game lasted 00:02:53 (1342 turns).

hawla the Conjurer (Draconian Conjurer)             Turns: 1342, Time: 00:02:53

Health: -2/27      AC:  5    Str:  9    XL:     3   Next: 67%
Magic:  4/6        EV: 12    Int: 20    God:
Gold:   77         SH:  0    Dex:  9    Spells: 5/6 levels left

rFire   + . .        h - +0 dagger (venom)
rCold   . . .        (no shield)
rNeg    . . .        (body armour unavailable)
rPois   .            (helmet restricted)
rElec   .            (no cloak)
rCorr   +            (no gloves)
SInv    .            (no boots)
Will    .....        (no amulet)
Stlth   ++           b - ring of resist corrosion
HPRegen 0.24/turn    c - ring of protection from fire
MPRegen 0.10/turn

%: no passive effects
@: about to teleport
A: AC +5, unfitting armour, cold-blooded
a: no special abilities


You were on level 2 of the Dungeon.
You visited 1 branch of the dungeon, and saw 2 of its levels.

You collected 77 gold pieces.

Inventory:

Hand Weapons
 h - a +0 dagger of venom (weapon)
Jewellery
 b - a ring of resist corrosion (left hand)
 c - a ring of protection from fire (right hand)
Scrolls
 d - 2 scrolls of teleportation
 e - 2 scrolls of identify {unknown}
 f - 2 scrolls of enchant weapon {unknown}
 g - 2 scrolls of fear {unknown}
Potions
 a - a potion of magic
 i - a potion of might {unknown}


   Skills:
 + Level 0.5 Fighting
 + Level 0.4 Short Blades
 + Level 2.0 Dodging
 + Level 2.1 Stealth
 + Level 2.3 Spellcasting
 + Level 4.7 Conjurations


You had 5 spell levels left.
You knew the following spells:

 Your Spells              Type           Power      Damage    Failure   Level
a - Magic Dart            Conj           84%        1d7       2%          1

Your spell library contained the following spells:

 Spells                   Type           Power      Damage    Failure   Level
 Searing Ray              Conj           42%        2d6       3%          2
 Fulminant Prism          Conj/Alch      5%         3d7       50%         4
 Iskenderun's Mystic Bla  Conj/Tloc      11%        2d4       50%         4
 Curse of Agony           Necr           2%         N/A       99%         5
 Metabolic Englaciation   Hex/Ice        1%         N/A       99%         5
 Yara's Violent Unravell  Hex/Alch       1%         3d3       99%         5


Dungeon Overview and Level Annotations

Branches:
Dungeon (2/15)

Altars:
Nemelex Xobeh


Innate Abilities, Weirdness & Mutations

Your plain brown scales are hard. (AC +5)
You cannot fit into any form of body armour.
You are cold-blooded and may be slowed by cold attacks.


Message History

The goblin hits you with a +2 antimagic dagger.
The phantom misses you. The goblin attacks as it pursues you!
The goblin hits you but does no damage. The phantom completely misses you.
The goblin hits you with a +2 antimagic dagger.
You feel your power leaking away.
You see here a +0 morningstar.
The phantom attacks as it pursues you! The phantom barely misses you.
The goblin attacks as it pursues you! The goblin barely misses you.
The goblin attacks as it pursues you!
The goblin hits you with a +2 antimagic dagger.
The goblin attacks as it pursues you! The goblin barely misses you.
You hit the phantom but do no damage.
Your tail-slap misses the phantom.
The phantom is lightly damaged.
The phantom closely misses you.
You barely miss the phantom.
The phantom is lightly damaged.
The phantom hits you.
The phantom blinks!
You blink.
Casting: Magic Dart (safe; 2% risk of failure)
Confirm with . or Enter, or press ? or * to list all spells.
You don't know that spell.
Casting: Magic Dart (safe; 2% risk of failure)
Confirm with . or Enter, or press ? or * to list all spells.
Aiming: Magic Dart (safe; 2% risk of failure)
Press: ? - help, Shift-Dir - straight line, f/p - phantom
Aim: a phantom (lightly damaged, 100% to hit)
The magic dart hits the phantom.
The phantom is moderately damaged.
The phantom hits you but does no damage.
Unknown command.
As you read the scroll labelled DAW FUUHY WOU, it crumbles to dust.
You feel strangely unstable.
It was a scroll of teleportation.
The phantom hits you but does no damage.
You are too injured to fight recklessly!
You hit the ribbon worm.
The ribbon worm is poisoned.
The ribbon worm is lightly wounded.
The phantom hits you!
* * * LOW HITPOINT WARNING * * *
The ribbon worm bites you!
You die...

......... #..#
#..## ##.#....
.......#
#.####...###.......
.#.#####
#.#(...#....†##....
.#.#
#.####.#.........##
.#.. #.#
#.#.....##..# .#.##
##.## #.#..#####..#
.#.. #..g#
#.#..#####..## .#.#
#.)w#
#............. .#.#
#..@#
###..###.....† .#
#....W#
#..<...##### .#
#.#.#.# #..##### .#
#..#.#.$# #.)# ##
...##.##...####
#######. ..## ...
##.. ........ ##
.#. ## .######
#...# ......#


You could see a phantom, a ribbon worm (very poisoned) and a goblin.

Vanquished Creatures
  An adder (D:2)
  A ribbon worm (D:2)
  3 dart slugs (D:1)
  5 orcs (D:2)
  4 ball pythons
  2 endoplasms (D:1)
  3 giant cockroaches
  2 goblins (D:1)
  A hobgoblin (D:2)
  4 bats
  A frilled lizard (D:2)
  2 kobolds (D:2)
  4 rats
33 creatures vanquished.

Notes
Turn   | Place    | Note
-------+----------+-------------------------------------------
     0 | D:1      | hawla the Draconian Conjurer began the quest for the Orb.
     0 | D:1      | Reached XP level 1. HP: 14/14 MP: 3/3
   147 | D:1      | Got Inemac's Quarto of Fetching Malignant Magic
   175 | D:1      | Reached XP level 2. HP: 20/20 MP: 0/5
  1072 | D:2      | Reached XP level 3. HP: 12/27 MP: 6/6
  1182 | D:2      | Found a sparkling altar of Nemelex Xobeh.
  1320 | D:2      | Noticed a phantom
  1342 | D:2      | Slain by a ribbon worm

Illustrated notes

Levels and vault maps discovered:
D:1:      grunt_arrival_crossed_arrows, layout_basic, serial_bayou_crossing
D:2:      minmay_general_purpose_star, layout_loops_ring, basic_altar

Skill      XL: |  1  2  3 |
---------------+----------+-----
Stealth        | 2 |  2.1
Dodging        | 2 |  2.0
Fighting       | |  0.5
Short Blades   | |  0.4
Spellcasting   | |  2.3
Conjurations   | |  4.7

Action                     || total
---------------------------++-------
  Melee: Unarmed           ||    21
         Tailslap          ||    10
         Dagger            ||    49
         Punch             ||     1
   Cast: Magic Dart        ||    28
    Use: Scroll            ||     1
   Stab: Sleeping          ||     2
 Armour: Skin              ||    57
  Dodge: Dodged            ||    53
